 Dungeon Crawl Stone Soup version 0.29.0-4-gdea44cf6ec (webtiles) character file.

Game seed: 3963997206300798729

23 qw the Chopper (level 2, 0/17 HPs)
             Began as a Tengu Warper on Aug 28, 2022.
             Succumbed to their own poison gas
             ... on level 1 of the Dungeon.
             The game lasted 00:00:07 (1164 turns).

qw the Chopper (Tengu Warper)                       Turns: 1164, Time: 00:00:08

Health: 0/17       AC:  3    Str: 11    XL:     2   Next: 95%
Magic:  6/6        EV: 11    Int: 13    God:
Gold:   37         SH:  0    Dex: 13    Spells: 5/5 levels left

rFire   . . .      SeeInvis .   Y - +0 hand axe
rCold   . . .      Faith    .   (no shield)
rNeg    . . .      Spirit   .   b - +0 leather armour
rPois   .          Reflect  .   (helmet restricted)
rElec   .          Harm     .   (no cloak)
rCorr   .          Rampage  .   (no gloves)
Will    .....                   (boots unavailable)
Stlth   +.........              (no amulet)
HPRegen 0.05/turn               (no ring)
MPRegen 0.10/turn               (no ring)

@: lethally poisoned (0 -> -2)
A: beak, talons 3
a: no special abilities


You were on level 1 of the Dungeon.
You visited 1 branch of the dungeon, and saw 1 of its levels.

You collected 37 gold pieces.


Innate Abilities, Weirdness & Mutations

You have a beak for a mouth.
You have claws for feet.


   Skills:
 - Level 2.0 Fighting
 + Level 3.7 Axes
 - Level 1.0 Throwing
 - Level 1.1 Armour
 - Level 2.1 Dodging
 - Level 2.0 Spellcasting
 - Level 2.4 Translocations


You had 5 spell levels left.
You didn't know any spells.
Your spell library contained the following spells:

 Spells                   Type           Power      Damage    Failure   Level
 Blink                    Tloc           14%        N/A       19%         2
 Gell's Gravitas          Tloc           7%         N/A       36%         3
 Lesser Beckoning         Tloc           7%         N/A       36%         3
 Teleport Other           Tloc           7%         N/A       36%         3
 Manifold Assault         Tloc           7%         N/A       98%         5

Inventory:

Hand Weapons
 e - a +0 mace
 Y - a +0 hand axe (weapon)
Armour
 b - a +0 leather armour (worn)
Scrolls
 a - a scroll of identify
Potions
 g - a potion of heal wounds

Dungeon Overview and Level Annotations

Branches:
Dungeon (1/15)

Altars:


Message History

Done exploring.
1153 ||| READING scroll labelled ORPHARGH NOALL.
As you read the scroll labelled ORPHARGH NOALL, it crumbles to dust.
You feel momentarily disoriented.
It was a scroll of magic mapping.
Done exploring.
1154 ||| READING 2 scrolls labelled DEALENK MAAPH.
As you read the scroll labelled DEALENK MAAPH, it crumbles to dust.
You assume a fearsome visage.
Nothing appears to happen.
It was a scroll of fear.
Done exploring.
1155 ||| DRINKING 2 red potions.
It was a potion of heal wounds.
You feel much better.
Done exploring.
1156 ||| DROPPING scroll of blinking.
You drop a scroll of blinking.
Done exploring.
1157 ||| DROPPING scroll of fear.
You drop a scroll of fear.
Done exploring.
(D) Dungeon
Where to? (* - list waypoints, ? - help)
What level of the Dungeon? (default 1, ? - help) Sorry, I don't know how to get there.
Done exploring.
1158 ||| Stepping randomly (stuck).
Really walk into that cloud of poison gas?
You are engulfed in poison gas.
You are poisoned.
You feel very sick.
1159 ||| Stepping ~*~*~tactically~*~*~ (cloud).
You feel sick.
Things that are here:
a scroll of fear; a scroll of blinking
There is a lethal amount of poison in your body!
You feel sick.
There is a lethal amount of poison in your body!
You feel sick.
There is a lethal amount of poison in your body!
You feel sick.
There is a lethal amount of poison in your body!
You feel sick.
There is a lethal amount of poison in your body!
You die...

##.##...(...# #######.#.#.####.##
.#.##.......# ######.#.#......#.
.#..#.......# #¤¤0##.#....###...
.##.#.......# #000##.#.##.###.##
.##.#.......# #...##......#.....
.#..........# #...##......#.#.##
.#.....###### #¤.¤##......#.#.#
.#.....# #.0.##.#..#.#.#.#
.#.....#### #@0.##.#..###.#.#
.#.(......######0¤0##.#..###.#.#
.#........#......¤¤##....#.....#
.#........#.##..¤00####.##.#.###
...#......#.#.0.¤0¤...#.##.#.#
...##.#####.#.000¤0###..##.#.#
...##.#####.#¤...00.....##.#.#
...##....##.###.#####.####.#.#
...#####..#.....####..####.#.####


There were no monsters in sight!

Vanquished Creatures
  An endoplasm (D:1)
  3 giant cockroaches (D:1)
  2 goblins (D:1)
  2 hobgoblins (D:1)
  2 jackals (D:1)
  4 kobolds (D:1)
  2 quokkas (D:1)
  A ball python (D:1)
  A bat (D:1)
  A rat (D:1)
19 creatures vanquished.

Vanquished Creatures (others)
  2 fungi (D:1)
  A plant (D:1)
3 creatures vanquished.

Grand Total: 22 creatures vanquished

Notes
Turn   | Place    | Note
-------+----------+-------------------------------------------
     0 | D:1      | qw the Tengu Warper began the quest for the Orb.
     0 | D:1      | Reached XP level 1. HP: 12/12 MP: 4/4
     0 | D:1      | 0 ||| qw: Version: 0.1-a-89-g26bdef1
     0 | D:1      | 0 ||| qw: Game counter: 1649
     0 | D:1      | 0 ||| qw: Always use a shield: true
     0 | D:1      | 0 ||| qw: God list: Okawaru
     0 | D:1      | 0 ||| qw: Allow faded altars: false
     0 | D:1      | 0 ||| qw: Do Orc after D:15 true
     0 | D:1      | 0 ||| qw: Do second Lair branch before Depths: true
     0 | D:1      | 0 ||| qw: Lair rune preference: random
     0 | D:1      | 0 ||| qw: Plans: Normal
     0 | D:1      | 0 ||| PLANNING D:1-11
    42 | D:1      | 42 ||| Stepping ~*~*~tactically~*~*~ (stealth).
    43 | D:1      | 43 ||| Stepping ~*~*~tactically~*~*~ (stealth).
    44 | D:1      | 44 ||| Stepping ~*~*~tactically~*~*~ (stealth).
    79 | D:1      | 79 ||| Stepping ~*~*~tactically~*~*~ (stealth).
   113 | D:1      | Reached skill level 3 in Axes
   113 | D:1      | Reached XP level 2. HP: 8/17 MP: 6/6
   649 | D:1      | 649 ||| Stepping ~*~*~tactically~*~*~ (stealth).
   650 | D:1      | 650 ||| Stepping ~*~*~tactically~*~*~ (stealth).
  1049 | D:1      | Found a faded altar of an unknown god.
  1151 | D:1      | 1151 ||| READING 2 scrolls labelled PIOSOP APSAFFIL.
  1152 | D:1      | 1152 ||| READING scroll labelled OCACKU KOBRA.
  1153 | D:1      | 1153 ||| READING scroll labelled ORPHARGH NOALL.
  1154 | D:1      | 1154 ||| READING 2 scrolls labelled DEALENK MAAPH.
  1155 | D:1      | 1155 ||| DRINKING 2 red potions.
  1156 | D:1      | 1156 ||| DROPPING scroll of blinking.
  1157 | D:1      | 1157 ||| DROPPING scroll of fear.
  1158 | D:1      | 1158 ||| Stepping randomly (stuck).
  1159 | D:1      | 1159 ||| Stepping ~*~*~tactically~*~*~ (cloud).
  1160 | D:1      | HP: 4/17 [poisoned by you (poison gas)]
  1163 | D:1      | HP: 1/17 [poisoned by you (poison gas)]
  1164 | D:1      | Succumbed to their own poison gas

Levels and vault maps discovered:
D:1:      lemuel_arrival_behind_the_door_small, layout_basic,
          shapermc_ecumenical_altar_acropolis

Skill      XL: |  1 |
---------------+----+-----
Axes           | 3 |  3.7
Fighting       | |  2.0
Throwing       | |  1.0
Armour         | |  1.1
Dodging        | |  2.1
Spellcasting   | |  2.0
Translocations | |  2.4

Action                   || total
-------------------------++-------
Melee: Hand axe          ||    44
       Kick              ||     5
       Peck              ||     5
       Punch             ||     1
Throw: Boomerang         ||     7
  Use: Scroll            ||     4
       Potion            ||     1
Armor: Leather armour    ||     8
Dodge: Dodged            ||    27

Table legend:
 A = Non-vault XP
 B = Vault XP
 C = Vault XP percentage of total XP
 D = Non-vault monster count
 E = Vault monster count
 F = Vault count percentage of total count
                 A         B        C        D         E       F
            +---------+---------+-------+---------+---------+-------
      Total |      33 |       0 |   0.0 |      19 |       0 |   0.0
            +---------+---------+-------+---------+---------+-------
        D:1 |      33 |       0 |   0.0 |      19 |       0 |   0.0
            +---------+---------+-------+---------+---------+-------
